 Dungeon Crawl Stone Soup version 0.19-a0-1882-gbb73ea0 (console) character file.

129 brucemayne the Chopper (level 5, -8/45 HPs)
             Began as a Hill Orc Monk on Oct 14, 2016.
             Mangled by a centaur (9 damage)
             ... on level 5 of the Dungeon.
             The game lasted 00:04:05 (1047 turns).

brucemayne the Chopper (Hill Orc Monk)              Turns: 1047, Time: 00:04:05

Health: -8/45      AC:  3    Str: 15    XL:     5   Next: 12%
Magic:  5/5        EV: 12    Int: 10    God:
Gold:   46         SH:  4    Dex: 16    Spells: 0 memorised, 4 levels left

rFire  . . .     SeeInvis .     a - +0 hand axe
rCold  . . .     Gourm    .     k - +0 leather armour
rNeg   . . .     Faith    .     (no shield)
rPois  .         Spirit   .     (no helmet)
rElec  .         Dismiss  .     (no cloak)
rCorr  .         Reflect  .     (no gloves)
MR     .....     Harm     .     (no boots)
Stlth  ++........               (no amulet)
                                m - -3 ring of slaying (curse)
                                e - +3 ring of dexterity

@: no status effects
A: large bone plates 1
a: no special abilities


You were on level 5 of the Dungeon.
You were not hungry.

You visited 1 branch of the dungeon, and saw 5 of its levels.

You collected 46 gold pieces.

Inventory:

Hand Weapons
 a - a +0 hand axe (weapon)
 d - a +0 hand axe
Missiles
 j - 19 poisoned needles
Armour
 b - a +0 robe
 k - a +0 leather armour (worn)
Jewellery
 e - a +3 ring of dexterity (left hand)
 m - a cursed -3 ring of slaying (right hand)
Scrolls
 h - a scroll of amnesia
Comestibles
 c - 3 bread rations
 f - a chunk of flesh
 g - a meat ration


   Skills:
 - Level 3.6 Fighting
 + Level 7.5 Axes
 - Level 2.4 Dodging
 - Level 1.5 Stealth


You had 4 spell levels left.
You didn't know any spells.

Dungeon Overview and Level Annotations

Branches:
Dungeon (5/15)
 Temple: D:4-7

Altars:

Annotations:
D:5 exclusion: upstairs


Innate Abilities, Weirdness & Mutations

You are partially covered in large bone plates. (SH +4)


Message History

The scorpion stings you but does no damage.
Unknown command.
You hit the centaur but do no damage.
The centaur is heavily wounded.
You hit the scorpion. The centaur hits you.
* * * LOW HITPOINT WARNING * * *
The centaur hits you.
* * * LOW HITPOINT WARNING * * *
The scorpion stings you!
* * * LOW HITPOINT WARNING * * *
You hit the centaur.
The centaur is severely wounded.
You closely miss the scorpion.
The centaur hits you but does no damage.
The scorpion barely misses you.
Unknown command.
You hit the centaur.
The centaur is severely wounded.
You hit the scorpion but do no damage. The centaur hits you!
You die...

#.##### #.....# #####.#
..##.. ##### #####)##.# ...#
#...#.##.# #######.#######
#........# #...........s.#
###.#.#### .#%###.#####@#
#.#..... #...# #c# #.#####.
#.### #h# ### #...).#. #.#
#.. ..# #####(#. #.##### ###
#.# #<##.#. # #...(.# #.#
#....##
.######.#######.############
... #.>..)................
#.###......##.######.#####


You could see a centaur, a scorpion and a hound.

Vanquished Creatures
  A centaur (D:5)
  A bullfrog skeleton (D:5)
  An adder (D:5)
  2 leopard geckos
  2 orcs (D:3)
  A giant cockroach (D:4)
  4 goblins
  A hobgoblin (D:1)
  A bat (D:2)
  A frilled lizard (D:2)
  A rat (D:3)
16 creatures vanquished.

Vanquished Creatures (others)
  5 toadstools (D:1)
5 creatures vanquished.

Grand Total: 21 creatures vanquished

Notes
Turn   | Place    | Note
-------+----------+-------------------------------------------
     0 | D:1      | brucemayne the Hill Orc Monk began the quest for the Orb.
     0 | D:1      | Reached XP level 1. HP: 19/19 MP: 1/1
   352 | D:3      | Noticed a phantom
   366 | D:4      | Reached XP level 2. HP: 24/26 MP: 2/2
   415 | D:3      | Reached skill level 5 in Axes
   594 | D:5      | Entered Level 5 of the Dungeon
   601 | D:5      | Noticed a centaur
   605 | D:5      | Gained mutation: You are partially covered in large bone plates. (SH +4) [potion of beneficial mutation]
   611 | D:5      | HP: 1/39 [centaur (3)]
   616 | D:5      | HP: 1/39 [centaur (1)]
   624 | D:5      | Killed a centaur
   624 | D:5      | Reached skill level 6 in Axes
   624 | D:5      | Reached XP level 3. HP: 2/31 MP: 3/3
   624 | D:5      | Reached XP level 4. HP: 3/39 MP: 4/4
   832 | D:5      | Reached skill level 7 in Axes
   832 | D:5      | Reached XP level 5. HP: 16/45 MP: 5/5
  1034 | D:5      | Noticed a centaur
  1045 | D:5      | HP: 1/45 [scorpion (8)]
  1047 | D:5      | Mangled by a centaur

Vault maps used:
D:1:      ldierk_walled_garden, minmay_pentomino_o2
D:2:      kiku_gazebo_pond_becter, first_bread
D:3:      portal_sewer_entry_f, kennysheep_generic_room_4, uniq_robin
D:4:      kennysheep_kobold_camp, trog_butcher_becter
D:5:      basic_altar, uniq_edmund

Skill      XL: |  1  2  3  4 |
---------------+-------------+-----
Axes           | 6 7 |  7.5
Fighting       | |  3.6
Dodging        | |  2.4
Stealth        | |  1.5

Action                   |  1- 3 |  4- 6 || total
-------------------------+-------+-------++-------
Melee: Hand axe          |    34 |    40 ||    74
  Use: Potion            |     2 |     1 ||     3
       Scroll            |       |     2 ||     2
 Stab: Sleeping          |     1 |       ||     1
Armor: Skin              |    23 |       ||    23
       Leather armour    |     1 |     8 ||     9
Dodge: Dodged            |    16 |    24 ||    40
Block: Other             |       |     9 ||     9
